 Dungeon Crawl Stone Soup version 0.31-a0-229-g1fc7ce93e2 (webtiles) character file.

Game seed: 11689251612500545896

130 qw the Shooter (level 4, -5/38 HPs)
             Began as a Minotaur Hexslinger on July 6, 2023.
             Slain by an orc warrior
             ... wielding a +0 battleaxe
              (13 damage)
             ... on level 4 of the Dungeon.
             The game lasted 00:00:52 (2878 turns).

qw the Shooter (Minotaur Hexslinger)                Turns: 2878, Time: 00:00:52

Health: -5/38      AC:  8    Str: 13    XL:     4   Next: 90%
Magic:  4/4        EV: 11    Int: 10    God:
Gold:   186        SH:  5    Dex: 14    Spells: 4/5 levels left

rFire   . . .        Y - +2 sling
rCold   . . .        (no shield)
rNeg    . . .        m - +0 swamp dragon scales
rPois   +            (helmet restricted)
rElec   .            f - +0 cloak
rCorr   .            (no gloves)
SInv    .            (no boots)
Will    .....        h - amulet of reflection
Stlth   +            (no ring)
HPRegen 0.26/turn    (no ring)
MPRegen 0.09/turn

%: reflection
@: no status effects
A: horns 2, retaliatory headbutt
a: no special abilities


You were on level 4 of the Dungeon.
You visited 1 branch of the dungeon, and saw 4 of its levels.

You collected 186 gold pieces.


Innate Abilities, Weirdness & Mutations

You have a pair of horns on your head.
You reflexively headbutt those who attack you in melee.


   Skills:
 - Level 3.0 Fighting
 - Level 5.0 Ranged Weapons
 + Level 0.2 Armour
 - Level 2.1 Dodging
 - Level 1.0 Spellcasting
 - Level 2.0 Hexes


You had 4 spell levels left.
You knew the following spells:

 Your Spells              Type           Power      Damage    Failure   Level
a - Slow                  Hex            16%        N/A       32%         1

Your spell library contained the following spells:

 Spells                   Type           Power      Damage    Failure   Level
 Inner Flame              Hex/Fire       2%         N/A       82%         3
 Portal Projectile        Hex/Tloc       4%         N/A       82%         3
 Cause Fear               Hex            2%         N/A       97%         4

Inventory:

Hand Weapons
 Y - a +2 sling (weapon)
Armour
 f - a +0 cloak (worn)
 m - +0 swamp dragon scales (worn)
Jewellery
 h - an amulet of reflection (around neck)
Potions
 a - a potion of cancellation
 b - a potion of heal wounds
 d - 5 potions of curing
 e - a potion of might {unknown}
 g - a potion of brilliance {unknown}
 i - a potion of enlightenment {unknown}
 j - a potion of haste

Dungeon Overview and Level Annotations

Branches:
Dungeon (4/15)
 Temple: D:4-7

Altars:


Message History

The quokka barely misses you. You furiously retaliate!
You headbutt the quokka!
You kill the quokka!
An orc comes into view. It is wielding a +0 club.
The orc shouts!
You hear a shout!
You shoot a sling bullet. The sling bullet hits the orc.
The orc is severely wounded.
An orc warrior comes into view. It is wielding a +0 battleaxe.
The orc warrior moves out of view.
You shoot a sling bullet. The sling bullet hits the orc.
The orc is severely wounded.
You shoot a sling bullet. The sling bullet hits the orc.
The orc is almost dead.
You shoot a sling bullet. The sling bullet hits the orc.
You kill the orc!
You shoot a sling bullet.
The sling bullet hits the orc warrior but does no damage.
You shoot a sling bullet.
The sling bullet closely misses the orc warrior.
The orc warrior hits you with a +0 battleaxe!
You shoot a sling bullet.
The sling bullet hits the orc warrior but does no damage.
The orc warrior misses you.
You shoot a sling bullet.
The sling bullet barely misses the orc warrior.
The orc warrior hits you with a +0 battleaxe.
The orc warrior hits you with a +0 battleaxe!
You shoot a sling bullet.
The sling bullet hits the orc warrior but does no damage.
You block the orc warrior's attack.
You shoot a sling bullet.
The sling bullet hits the orc warrior but does no damage.
The orc warrior misses you.
You shoot a sling bullet. The sling bullet hits the orc warrior.
The orc warrior is moderately wounded.
You block the orc warrior's attack.
You shoot a sling bullet.
The sling bullet barely misses the orc warrior.
The orc warrior hits you with a +0 battleaxe.
The orc warrior hits you with a +0 battleaxe!
You die...

...#. #.#.#...## ..
...#..#.#......# ....
.#....#........##....
......#.........#....
..................#
................#>#
#...#..<#....[..).# .
#####.###)..o#########
#.....# #...@.........
#.##### #.....########
#.......#####
#...#.#.....#
#...#.#.###.#
#####.#...#.#
#.#...#.# #.#####.#
#.......#


You could see an orc warrior.

Vanquished Creatures
  Jessica (D:2)
  4 adders
  A worm (D:2)
  2 dart slugs
  3 orcs
  4 bats
  2 endoplasms
  3 giant cockroaches
  5 hobgoblins
  2 jackals (D:1)
  5 quokkas
  8 ball pythons
  6 frilled lizards
  7 goblins
  4 kobolds
  3 rats
60 creatures vanquished.

Notes
Turn   | Place    | Note
-------+----------+-------------------------------------------
     0 | D:1      | qw the Minotaur Hexslinger began the quest for the Orb.
     0 | D:1      | Reached XP level 1. HP: 16/16 MP: 1/1
     0 | D:1      | 0 ||| qw: Version: 0.3-a-46-gb1f654a
     0 | D:1      | 0 ||| qw: Game counter: 1385
     0 | D:1      | 0 ||| qw: Melee chars always use a shield: true
     0 | D:1      | 0 ||| qw: God list: Okawaru
     0 | D:1      | 0 ||| qw: Allow faded altars: false
     0 | D:1      | 0 ||| qw: Do Orc after clearing Dungeon:15 true
     0 | D:1      | 0 ||| qw: Do second Lair branch before Depths: true
     0 | D:1      | 0 ||| qw: Lair rune preference: random
     0 | D:1      | 0 ||| qw: Goals: Normal
     0 | D:1      | 0 ||| PLANNING D:1-11
   127 | D:1      | Reached skill level 3 in Ranged Weapons
   127 | D:1      | Reached XP level 2. HP: 21/23 MP: 2/2
   814 | D:1      | 814 ||| UPGRADING to +0 cloak.
   819 | D:1      | 819 ||| UPGRADING to amulet of reflection.
   824 | D:1      | 824 ||| READING scroll labelled VOGEZIE VUWUOF.
   825 | D:1      | 825 ||| READING scroll labelled EVYHEATIPO.
   826 | D:1      | 826 ||| READING scroll labelled FATHUAM UNNYLLUSCH.
   827 | D:1      | 827 ||| DRINKING 2 fizzy white potions.
   828 | D:1      | 828 ||| DROPPING scroll of poison.
   933 | D:2      | Noticed Jessica
   940 | D:2      | Killed Jessica
   941 | D:2      | Reached skill level 4 in Ranged Weapons
   941 | D:2      | Reached XP level 3. HP: 25/29 MP: 3/3
  1218 | D:2      | Reached XP level 4. HP: 36/36 MP: 4/4
  1689 | D:2      | 1689 ||| DRINKING 2 fuming cyan potions.
  1690 | D:2      | 1690 ||| DRINKING 2 pink potions.
  1828 | D:3      | Reached skill level 5 in Ranged Weapons
  2409 | D:3      | Reached skill level 3 in Fighting
  2490 | D:3      | 2490 ||| UPGRADING to +0 leather armour.
  2518 | D:3      | 2518 ||| DROPPING +0 robe.
  2519 | D:3      | 2519 ||| UPGRADING to +0 swamp dragon scales.
  2529 | D:3      | 2529 ||| DROPPING +0 leather armour.
  2791 | D:3      | 2791 ||| READING scroll labelled TIDDUHOMUTH.
  2792 | D:3      | 2792 ||| READING scroll labelled IXZEDE LOQUE.
  2793 | D:3      | 2793 ||| DRINKING 2 silvery potions.
  2867 | D:4      | Noticed an orc warrior
  2878 | D:4      | HP: 8/38 [orc warrior/+0 battleaxe (5)]
  2878 | D:4      | Slain by an orc warrior

Levels and vault maps discovered:
D:1:      ncdulo_wetmaze, layout_basic, nicolae_titane
D:2:      layout_loops_corners, uniq_jessica
D:3:      minmay_general_purpose_star, layout_basic, hangedman_glass_teeth,
          minmay_fractal_squares_5
D:4:      layout_basic, minmay_temple_entry_junction

Skill      XL: |  1  2  3  4 |
---------------+-------------+-----
Ranged Weapons | 3 4 5 |  5.0
Fighting       | 2 3 |  3.0
Armour         | |  0.2
Dodging        | |  2.1
Spellcasting   | |  1.0
Hexes          | |  2.0

Action                     |  1- 3 |  4- 6 || total
---------------------------+-------+-------++-------
   Fire: Sling             |    83 |    94 ||   177
    Use: Scroll            |     3 |     2 ||     5
         Potion            |     1 |     3 ||     4
 Armour: Robe              |     6 |     5 ||    11
         Leather armour    |       |     2 ||     2
         Swamp dragon scal |       |     1 ||     1
  Dodge: Dodged            |    12 |    30 ||    42
  Block: Other             |     1 |    15 ||    16

Table legend:
 A = Non-vault XP
 B = Vault XP
 C = Vault XP percentage of total XP
 D = Non-vault monster count
 E = Vault monster count
 F = Vault count percentage of total count
                 A         B        C        D         E       F
            +---------+---------+-------+---------+---------+-------
      Total |     110 |      77 |  41.2 |      49 |      11 |  18.3
            +---------+---------+-------+---------+---------+-------
        D:1 |      36 |       0 |   0.0 |      23 |       0 |   0.0
        D:2 |      51 |      37 |  42.0 |      14 |       1 |   6.7
        D:3 |      18 |      40 |  69.0 |      10 |      10 |  50.0
        D:4 |       5 |       0 |   0.0 |       2 |       0 |   0.0
            +---------+---------+-------+---------+---------+-------
